 Dungeon Crawl Stone Soup version 0.28-a0-535-g6f645e4c1d (webtiles) character file.

Game seed: 14024826811020728675

130 shoop the Cutter (level 5, -15/26 HPs)
             Began as a Vine Stalker Warper on Sept 26, 2021.
             Killed from afar by Ijyb (33 damage)
             ... with a bolt of acid
             ... on level 3 of the Dungeon.
             The game lasted 00:03:23 (2873 turns).

shoop the Cutter (Vine Stalker Warper)              Turns: 2873, Time: 00:03:24

Health: -15/26     AC:  3    Str: 13    XL:     5   Next: 14%
Magic:  0/9        EV: 11    Int: 14    God:
Gold:   93         SH:  0    Dex: 14    Spells: 6/8 levels left

rFire   + . .      SeeInvis .   f - +0 rapier
rCold   . . .      Faith    .   (no shield)
rNeg    . . .      Spirit   +   b - +0 leather armour
rPois   .          Reflect  .   (no helmet)
rElec   .          Harm     .   (no cloak)
rCorr   .          Rampage  .   (no gloves)
Will    .....                   (no boots)
Stlth   ++........              (no amulet)
HPRegen 1.08/turn               i - ring of protection from fire
MPRegen 0.11/turn               (no ring)

@: no status effects
A: fangs 2, regeneration 1, magic shield, antimagic bite, no potion heal 2
a: no special abilities


You were on level 3 of the Dungeon.
You visited 1 branch of the dungeon, and saw 3 of its levels.

You collected 93 gold pieces.

Inventory:

Hand Weapons
 a - a +0 short sword
 f - a +0 rapier (weapon)
Missiles
 d - 5 boomerangs of dispersal (quivered)
Armour
 b - a +0 leather armour (worn)
Jewellery
 i - a ring of protection from fire (left hand)
Scrolls
 c - 2 scrolls of blinking
 e - 4 scrolls of identify {unknown}
Potions
 g - a potion of degeneration {unknown}
 h - 2 potions of curing {unknown}
 j - a potion of ambrosia {unknown}


   Skills:
 - Level 1.7 Fighting
 * Level 4.0 Short Blades
 - Level 0.8 Throwing
 - Level 0.7 Armour
 - Level 1.5 Dodging
 + Level 3.3 Stealth
 - Level 2.1 Spellcasting
 - Level 3.0 Translocations


You had 6 spell levels left.
You knew the following spells:

 Your Spells              Type           Power      Damage    Failure   Level
b - Blink                 Tloc           N/A        N/A       13%         2

Your spell library contained the following spells:

 Spells                   Type           Power      Damage    Failure   Level
 Gell's Gravitas          Tloc           4%         N/A       26%         3
 Lesser Beckoning         Tloc           9%         N/A       26%         3
 Teleport Other           Tloc           9%         N/A       26%         3
 Manifold Assault         Tloc           9%         N/A       94%         5


Dungeon Overview and Level Annotations

Branches:
Dungeon (3/15)

Altars:

Annotations:
D:3 Ijyb


Innate Abilities, Weirdness & Mutations

You have extremely sharp teeth.
Your natural rate of healing is unusually fast.
When hurt, damage is shared between your health and your magic reserves.
Your bite disrupts and absorbs the magic of your enemies.
Potions cannot restore your health.


Message History

The iguana barely misses you.
There is a stone staircase leading up here.
The iguana bites you.
You climb upwards.
There is a stone staircase leading down here.
Casting: Blink (safe; 13% risk of failure)
Confirm with . or Enter, or press ? or * to list all spells.
You blink.
Casting: Blink (safe; 13% risk of failure)
Confirm with . or Enter, or press ? or * to list all spells.
You blink.
There is a stone staircase leading down here.
The iguana hisses menacingly.
You climb downwards.
There is a stone staircase leading up here.
Magic restored.
Found a falchion.
A kobold comes into view. It is wielding a +0 whip.
The kobold shouts!
You hear a shout!
You closely miss the kobold. You bite the kobold, but do no damage.
The kobold hits you but does no damage.
You puncture the kobold!
You kill the kobold!
Your Short Blades skill increases to level 4!
No target in view!
No target in view!
Ijyb the Twisted Goblin comes into view.
She is wielding a +0 dagger and carrying a wand of acid (4).
You aren't carrying any items that you can evoke.
Okay, then.
You start waiting.
Ijyb is nearby!
Ijyb hits you with a +0 dagger.
You hit Ijyb.
Ijyb is lightly wounded.
Ijyb zaps a wand.
The bolt of acid hits you!
You hit Ijyb. Your bite misses Ijyb.
Ijyb is moderately wounded.
Ijyb zaps a wand.
The bolt of acid hits you!!!
Ouch! That really hurt!
You die...

g.. .. ... .. #
?## . #.#
#.###g###
#.#.@...######
#............#
#...#........#
#.#.)........#
#.#.#........#
#...#........#
#####.###........#
#.......#........#
#.#####.#........#


You could see Ijyb.

Vanquished Creatures
  An orc priest (D:3)
  Natasha (D:3)
  An adder (D:2)
  3 dart slugs (D:2)
  7 orcs (D:3)
  5 ball pythons
  6 endoplasms
  3 giant cockroaches
  2 goblins (D:2)
  6 hobgoblins
  2 jackals (D:1)
  2 kobolds
  A quokka (D:2)
  5 bats
  2 frilled lizards
  3 rats (D:2)
50 creatures vanquished.

Notes
Turn   | Place    | Note
-------+----------+-------------------------------------------
     0 | D:1      | shoop the Vine Stalker Warper began the quest for the Orb.
     0 | D:1      | Reached XP level 1. HP: 11/11 MP: 4/4
    33 | D:1      | Reached skill level 2 in Short Blades
   422 | D:1      | Reached skill level 1 in Stealth
   502 | D:1      | Reached XP level 2. HP: 15/15 MP: 6/6
   505 | D:1      | Learned a level 2 spell: Blink
  1291 | D:2      | Reached XP level 3. HP: 18/18 MP: 7/7
  1474 | D:2      | Found a faded altar of an unknown god.
  1594 | D:2      | Reached skill level 3 in Short Blades
  2409 | D:2      | Gained mutation: Your natural rate of healing is unusually
                  | fast. [Vine Stalker growth]
  2409 | D:2      | Reached XP level 4. HP: 18/23 MP: 8/8
  2482 | D:3      | Noticed Natasha
  2493 | D:3      | Killed Natasha
  2588 | D:3      | Reached XP level 5. HP: 14/26 MP: 1/9
  2861 | D:3      | Reached skill level 4 in Short Blades
  2864 | D:3      | Noticed Ijyb
  2873 | D:3      | Killed from afar by Ijyb

Illustrated notes

Levels and vault maps discovered:
D:1:      psy_arrival_radial02, layout_basic
D:2:      layout_basic, shapermc_ecumenical_altar_venn
D:3:      layout_basic, nicolae_vehumet_altar_sigil, uniq_natasha, uniq_jessica,
          uniq_sigmund, uniq_ijyb, uniq_terence

Skill      XL: |  1  2  3  4  5 |
---------------+----------------+-----
Short Blades   | 2 3 4 |  4.0
Stealth        | 1 2 3 |  3.3
Fighting       | |  1.7
Throwing       | |  0.8
Armour         | |  0.7
Dodging        | |  1.5
Spellcasting   | |  2.1
Translocations | |  3.0

Action                   |  1- 3 |  4- 6 || total
-------------------------+-------+-------++-------
Melee: Short sword       |    54 |       ||    54
       Bite              |    19 |     9 ||    28
       Rapier            |    57 |    46 ||   103
 Cast: Blink             |       |     2 ||     2
 Stab: Sleeping          |     4 |     1 ||     5
Armor: Leather armour    |    34 |     4 ||    38
Dodge: Dodged            |    63 |    13 ||    76

Table legend: (Time is in decaauts)
 A = Elapsed time spent in this place.
 B = Non-inter-level travel time spent in this place.
 C = Inter-level travel time spent in this place.
 D = Time resting spent in this place.
 E = Time spent auto-exploring this place.
 F = Levels seen in this place.
 G = Mean time per level.
                   A        B        C        D        E       F      G
               +--------+--------+--------+--------+--------+-----+--------+
         Total |   2900 |   2852 |     48 |      8 |   2425 |   3 |  966.7 |
       Dungeon |   2900 |   2852 |     48 |      8 |   2425 |   3 |  966.7 |
               +--------+--------+--------+--------+--------+-----+--------+

Top non-repeatable levels by time:
     D:1: 1281 daAuts
     D:2: 1212 daAuts
     D:3: 406 daAuts
